[ AOE2 MATCH · #507836890 ]
UnrankedIncas vs Vikings
Player's team · LOSS
Rival team · WIN
[ REPLAY ANALYSIS · EXTRACTED FROM THE RECORDED GAME ]
Feudal
12:25
Castle
20:30
Imperial
—
| APM avg | 60.2 |
| APM peak | 118 |
| eAPM avg | 24.7 |
| Villagers / military | 183 / 337 |
Focus
⚔️ 47.0% · 🌾 53.0%
Skirmisher ×208 · Petard ×61 · Monk ×22 · Battering Ram ×17 · Mangonel ×15 · Spearman ×9
Feudal
9:00
Castle
19:22
Imperial
35:19
| APM avg | 66.3 |
| APM peak | 101 |
| eAPM avg | 37.4 |
| Villagers / military | 176 / 326 |
Focus
⚔️ 44.2% · 🌾 55.8%
Berserk ×160 · Archer ×159 · Mangonel ×4 · Trebuchet (Packed) ×2 · Monk ×1
Match map
Initial resources + every placement click. Lines = walls · curves = elevation contours. ◆ gold · ⬟ stone · ● berries · ✦ relic · ◌ wall gap
Your base· Open — unwalled flank
XEVER | CaboBV's base· Open — 4t gap
Smoothed initial terrain · ◌ = detected wall gap · hover for details
Inputs per minute
— DK | Mauseren - - XEVER | CaboBV
Build order — DK | Mauseren
First 150 of 642 actions detected
| 0:00 | Queue | Villager (Male) |
| 0:01 | Queue | Villager (Male) |
| 0:01 | Queue | Villager (Male) |
| 0:02 | Build | House |
| 0:08 | Queue | Villager (Male) |
| 0:41 | Build | Barracks |
| 1:35 | Queue | Villager (Male) |
| 2:02 | Queue | Villager (Male) |
| 2:24 | Queue | Villager (Male) |
| 2:25 | Queue | Villager (Male) |
| 2:48 | Queue | Villager (Male) |
| 3:10 | Build | House |
| 3:38 | Queue | Villager (Male) |
| 3:39 | Queue | Villager (Male) |
| 3:47 | Queue | Unit 2550 |
| 3:51 | Build | House |
| 4:04 | Queue | Villager (Male) |
| 4:05 | Queue | Villager (Male) |
| 4:14 | Queue | Unit 2550 |
| 4:30 | Queue | Villager (Male) |
| 4:45 | Queue | Villager (Male) |
| 5:07 | Queue | Unit 2550 |
| 5:12 | Queue | Villager (Male) |
| 5:28 | Queue | Villager (Male) |
| 6:33 | Queue | Villager (Male) |
| 6:46 | Build | Settlement |
| 7:01 | Queue | Villager (Male) |
| 7:28 | Queue | Villager (Male) |
| 7:48 | Build | Settlement |
| 7:54 | Queue | Villager (Male) |
| 8:25 | Queue | Villager (Male) |
| 8:46 | Build | Settlement |
| 8:58 | Queue | Villager (Male) |
| 9:13 | Queue | Villager (Male) |
| 9:38 | Queue | Villager (Male) |
| 9:49 | Build | Farm |
| 9:49 | Research | Loom |
| 10:08 | Research | Feudal Age |
| 10:36 | Queue | Villager (Male) |
| 10:45 | Queue | Villager (Male) |
| 10:47 | Build | Farm |
| 11:13 | Queue | Unit 2550 |
| 11:18 | Queue | Villager (Male) |
| 11:19 | Queue | Villager (Male) |
| 11:38 | Queue | Villager (Male) |
| 11:43 | Queue | Villager (Male) |
| 12:18 | Queue | Villager (Male) |
| 12:25 | Age | Feudal Age |
| 12:27 | Build | Archery Range |
| 12:30 | Build | Blacksmith |
| 12:35 | Research | Double-Bit Axe |
| 12:39 | Research | Tech 1402 |
| 12:41 | Queue | Villager (Male) |
| 12:46 | Queue | Villager (Male) |
| 12:55 | Queue | Villager (Male) |
| 12:59 | Build | Farm |
| 13:06 | Build | Outpost |
| 13:13 | Queue | Skirmisher |
| 13:13 | Queue | Skirmisher |
| 13:21 | Research | Fletching |
| 13:26 | Queue | Villager (Male) |
| 13:28 | Build | Farm |
| 13:43 | Queue | Skirmisher |
| 13:46 | Queue | Villager (Male) |
| 13:50 | Build | Farm |
| 13:54 | Queue | Skirmisher |
| 14:09 | Research | Padded Archer Armor |
| 14:11 | Queue | Villager (Male) |
| 14:13 | Build | Farm |
| 14:24 | Queue | Villager (Male) |
| 14:31 | Queue | Skirmisher |
| 14:42 | Queue | Villager (Male) |
| 14:42 | Queue | Skirmisher |
| 14:43 | Queue | Villager (Male) |
| 14:46 | Queue | Spearman |
| 14:47 | Queue | Villager (Male) |
| 14:55 | Build | Farm |
| 15:09 | Queue | Villager (Male) |
| 15:29 | Queue | Skirmisher |
| 15:39 | Queue | Skirmisher |
| 15:59 | Queue | Skirmisher |
| 16:04 | Queue | Villager (Male) |
| 16:06 | Build | Farm |
| 16:07 | Build | Farm |
| 16:08 | Build | Farm |
| 16:08 | Queue | Villager (Male) |
| 16:15 | Queue | Villager (Male) |
| 16:23 | Build | Farm |
| 16:30 | Queue | Villager (Male) |
| 17:07 | Queue | Villager (Male) |
| 17:13 | Build | Market |
| 17:33 | Queue | Skirmisher |
| 17:44 | Research | Castle Age |
| 17:45 | Research | Castle Age |
| 17:46 | Queue | Skirmisher |
| 17:46 | Queue | Villager (Male) |
| 17:55 | Queue | Skirmisher |
| 17:59 | Build | House |
| 18:00 | Build | Palisade Wall |
| 18:05 | Queue | Villager (Male) |
| 18:30 | Build | Farm |
| 18:30 | Build | Farm |
| 18:30 | Build | Farm |
| 18:35 | Research | Horse Collar |
| 18:36 | Research | Horse Collar |
| 18:56 | Queue | Skirmisher |
| 19:06 | Queue | Villager (Male) |
| 19:06 | Queue | Skirmisher |
| 19:10 | Queue | Skirmisher |
| 19:11 | Build | Farm |
| 19:30 | Queue | Spearman |
| 19:30 | Queue | Spearman |
| 19:31 | Queue | Villager (Male) |
| 19:33 | Build | Farm |
| 19:39 | Build | Farm |
| 19:42 | Build | Farm |
| 20:30 | Age | Castle Age |
| 20:32 | Research | Elite Skirmisher (upgrade) |
| 20:32 | Research | Elite Skirmisher (upgrade) |
| 20:32 | Research | Elite Skirmisher (upgrade) |
| 20:33 | Research | Bodkin Arrow |
| 20:56 | Queue | Skirmisher |
| 20:58 | Queue | Villager (Male) |
| 21:18 | Research | Leather Archer Armor |
| 21:18 | Research | Leather Archer Armor |
| 21:20 | Queue | Villager (Male) |
| 21:21 | Queue | Skirmisher |
| 21:37 | Queue | Villager (Male) |
| 21:48 | Queue | Skirmisher |
| 21:58 | Queue | Villager (Male) |
| 22:03 | Queue | Villager (Male) |
| 22:13 | Queue | Villager (Male) |
| 22:14 | Queue | Skirmisher |
| 22:21 | Queue | Villager (Male) |
| 22:25 | Build | Town Center |
| 22:39 | Queue | Villager (Male) |
| 22:46 | Queue | Skirmisher |
| 22:54 | Queue | Skirmisher |
| 22:54 | Queue | Skirmisher |
| 22:57 | Build | House |
| 22:58 | Build | House |
| 23:30 | Queue | Villager (Male) |
| 23:38 | Queue | Villager (Male) |
| 24:04 | Queue | Villager (Male) |
| 24:04 | Queue | Skirmisher |
| 24:05 | Queue | Skirmisher |
| 24:30 | Queue | Skirmisher |
| 24:34 | Build | Siege Workshop |
| 24:35 | Queue | Villager (Male) |
| 24:36 | Build | Farm |
Build order — XEVER | CaboBV
First 150 of 810 actions detected
| 0:00 | Queue | Villager (Male) |
| 0:00 | Queue | Villager (Male) |
| 0:00 | Queue | Villager (Male) |
| 0:01 | Queue | Villager (Male) |
| 0:01 | Queue | Villager (Male) |
| 0:02 | Build | House |
| 0:03 | Build | House |
| 1:27 | Queue | Villager (Male) |
| 1:27 | Queue | Villager (Male) |
| 1:59 | Build | Lumber Camp |
| 1:59 | Queue | Villager (Male) |
| 1:59 | Queue | Villager (Male) |
| 2:23 | Queue | Villager (Male) |
| 2:23 | Queue | Villager (Male) |
| 2:50 | Queue | Villager (Male) |
| 3:22 | Build | Palisade Wall |
| 3:30 | Queue | Villager (Male) |
| 3:37 | Build | House |
| 3:39 | Queue | Villager (Male) |
| 3:40 | Queue | Villager (Male) |
| 4:00 | Queue | Villager (Male) |
| 4:29 | Queue | Villager (Male) |
| 4:30 | Research | Loom |
| 4:33 | Queue | Villager (Male) |
| 4:52 | Build | Mill |
| 5:29 | Queue | Villager (Male) |
| 5:34 | Build | House |
| 5:34 | Build | Palisade Wall |
| 5:41 | Queue | Villager (Male) |
| 5:41 | Research | Loom |
| 5:43 | Build | Palisade Gate |
| 5:59 | Build | Palisade Wall |
| 6:00 | Build | Palisade Wall |
| 6:06 | Build | House |
| 6:08 | Build | House |
| 6:11 | Build | Palisade Wall |
| 6:15 | Queue | Villager (Male) |
| 6:19 | Research | Loom |
| 6:49 | Research | Feudal Age |
| 6:49 | Research | Feudal Age |
| 7:52 | Build | Mining Camp |
| 7:55 | Queue | Villager (Male) |
| 8:23 | Queue | Villager (Male) |
| 8:39 | Build | Barracks |
| 8:44 | Build | House |
| 9:00 | Age | Feudal Age |
| 9:01 | Build | Palisade Wall |
| 9:01 | Build | Palisade Wall |
| 9:02 | Build | Palisade Wall |
| 9:02 | Build | Palisade Wall |
| 9:07 | Queue | Villager (Male) |
| 9:23 | Build | Palisade Gate |
| 9:33 | Build | Palisade Wall |
| 9:34 | Build | Palisade Wall |
| 9:38 | Build | Archery Range |
| 9:41 | Queue | Villager (Male) |
| 9:45 | Queue | Villager (Male) |
| 9:48 | Build | Palisade Wall |
| 9:48 | Build | Palisade Wall |
| 9:53 | Queue | Villager (Male) |
| 10:11 | Build | Palisade Wall |
| 10:14 | Research | Double-Bit Axe |
| 10:17 | Queue | Villager (Male) |
| 10:24 | Queue | Archer |
| 10:24 | Queue | Archer |
| 10:26 | Queue | Villager (Male) |
| 10:46 | Build | Farm |
| 10:49 | Build | Farm |
| 11:19 | Build | Mill |
| 11:22 | Queue | Archer |
| 11:24 | Queue | Villager (Male) |
| 11:25 | Build | Farm |
| 11:26 | Queue | Villager (Male) |
| 11:31 | Build | Palisade Wall |
| 11:36 | Build | Palisade Wall |
| 11:37 | Build | Palisade Wall |
| 11:43 | Build | Palisade Wall |
| 11:48 | Queue | Villager (Male) |
| 11:55 | Queue | Archer |
| 12:04 | Build | Blacksmith |
| 12:27 | Build | Farm |
| 12:28 | Queue | Archer |
| 12:41 | Build | Palisade Wall |
| 12:45 | Build | Palisade Wall |
| 12:50 | Queue | Villager (Male) |
| 12:51 | Queue | Villager (Male) |
| 13:04 | Research | Fletching |
| 13:04 | Research | Fletching |
| 13:07 | Queue | Villager (Male) |
| 13:08 | Build | Farm |
| 13:16 | Queue | Villager (Male) |
| 13:18 | Build | Farm |
| 13:27 | Build | Farm |
| 13:28 | Build | Farm |
| 13:28 | Build | Farm |
| 13:32 | Queue | Villager (Male) |
| 13:40 | Queue | Archer |
| 13:52 | Queue | Villager (Male) |
| 13:54 | Build | Farm |
| 13:58 | Build | Farm |
| 13:58 | Queue | Villager (Male) |
| 14:11 | Build | Farm |
| 14:14 | Queue | Archer |
| 14:14 | Queue | Villager (Male) |
| 14:17 | Queue | Villager (Male) |
| 14:34 | Queue | Archer |
| 14:36 | Build | Farm |
| 14:38 | Queue | Villager (Male) |
| 14:42 | Build | House |
| 14:49 | Queue | Villager (Male) |
| 14:55 | Queue | Archer |
| 15:00 | Build | Farm |
| 15:12 | Build | House |
| 15:31 | Queue | Archer |
| 15:38 | Queue | Villager (Male) |
| 15:52 | Queue | Villager (Male) |
| 16:08 | Build | Farm |
| 16:14 | Build | Archery Range |
| 16:42 | Research | Castle Age |
| 16:42 | Research | Castle Age |
| 16:47 | Build | Lumber Camp |
| 17:05 | Queue | Archer |
| 17:05 | Queue | Archer |
| 17:10 | Research | Gold Mining |
| 17:43 | Queue | Archer |
| 17:45 | Queue | Archer |
| 17:48 | Build | House |
| 17:59 | Queue | Archer |
| 18:12 | Queue | Archer |
| 18:22 | Queue | Archer |
| 18:29 | Queue | Villager (Male) |
| 18:44 | Queue | Archer |
| 18:49 | Queue | Archer |
| 18:59 | Build | Farm |
| 19:07 | Build | Palisade Wall |
| 19:10 | Queue | Archer |
| 19:22 | Age | Castle Age |
| 19:26 | Research | Crossbowman (upgrade) |
| 19:36 | Research | Bodkin Arrow |
| 19:43 | Queue | Villager (Male) |
| 19:45 | Research | Bow Saw |
| 19:53 | Build | House |
| 20:10 | Queue | Archer |
| 20:13 | Queue | Villager (Male) |
| 20:22 | Queue | Archer |
| 20:26 | Build | Town Center |
| 20:27 | Build | Farm |
| 20:38 | Queue | Villager (Male) |
| 20:47 | Queue | Villager (Male) |
| 20:54 | Queue | Archer |
Match timeline
| 0:41 | DK | Mauseren · first_building Barracks |
| 3:22 | XEVER | CaboBV · wall_segment Palisade Wall x1 |
| 5:34 | XEVER | CaboBV · wall_segment Palisade Wall x1 |
| 5:59 | XEVER | CaboBV · wall_segment Palisade Wall x1 |
| 6:00 | XEVER | CaboBV · wall_segment Palisade Wall x1 |
| 6:11 | XEVER | CaboBV · wall_segment Palisade Wall x1 |
| 8:39 | XEVER | CaboBV · first_building Barracks |
| 9:00 | XEVER | CaboBV · age_up feudal |
| 9:01 | XEVER | CaboBV · wall_segment Palisade Wall x1 |
| 9:01 | XEVER | CaboBV · wall_segment Palisade Wall x1 |
| 9:02 | XEVER | CaboBV · wall_segment Palisade Wall x1 |
| 9:02 | XEVER | CaboBV · wall_segment Palisade Wall x1 |
| 9:33 | XEVER | CaboBV · wall_segment Palisade Wall x1 |
| 9:34 | XEVER | CaboBV · wall_segment Palisade Wall x1 |
| 9:38 | XEVER | CaboBV · first_building Archery Range |
| 9:48 | XEVER | CaboBV · wall_segment Palisade Wall x1 |
| 9:48 | XEVER | CaboBV · wall_segment Palisade Wall x1 |
| 10:11 | XEVER | CaboBV · wall_segment Palisade Wall x1 |
| 11:31 | XEVER | CaboBV · wall_segment Palisade Wall x1 |
| 11:36 | XEVER | CaboBV · wall_segment Palisade Wall x1 |
| 11:37 | XEVER | CaboBV · wall_segment Palisade Wall x1 |
| 11:43 | XEVER | CaboBV · wall_segment Palisade Wall x1 |
| 12:25 | DK | Mauseren · age_up feudal |
| 12:27 | DK | Mauseren · first_building Archery Range |
| 12:41 | XEVER | CaboBV · wall_segment Palisade Wall x1 |
| 12:45 | XEVER | CaboBV · wall_segment Palisade Wall x1 |
| 17:39 | DK | Mauseren · first_market_buy 100 food |
| 18:00 | DK | Mauseren · wall_segment Palisade Wall x1 |
| 19:07 | XEVER | CaboBV · wall_segment Palisade Wall x1 |
| 19:22 | XEVER | CaboBV · age_up castle |
| 20:30 | DK | Mauseren · age_up castle |
| 21:43 | XEVER | CaboBV · first_building Siege Workshop |
| 24:34 | DK | Mauseren · first_building Siege Workshop |
| 25:03 | XEVER | CaboBV · wall_segment Palisade Wall x1 |
| 27:32 | DK | Mauseren · first_building Monastery |
| 32:06 | XEVER | CaboBV · first_market_sell 100 wood |
| 33:07 | XEVER | CaboBV · first_market_buy 100 stone |
| 33:15 | XEVER | CaboBV · first_building Castle |
| 35:19 | XEVER | CaboBV · age_up imperial |
| 46:22 | DK | Mauseren · first_building Castle |
| 49:18 | XEVER | CaboBV · first_building Monastery |
| 49:41 | XEVER | CaboBV · wall_segment Stone Wall x1 |
| 49:41 | XEVER | CaboBV · wall_segment Stone Wall x1 |
| 55:16 | DK | Mauseren · resign |
[ AI ANALYSIS · 1 CREDIT ]
What really happened in this match?
Wolo.gg analyzes every decision: build order, eco, micro, common mistakes by bracket. Personalized analysis on WhatsApp or Discord in 30 seconds.
Civ guide
Incas
Perfil
Jugador #10840748